 Dungeon Crawl Stone Soup version 0.28.0 (webtiles) character file.

Game seed: 8103846373928107087

45749 pkoi the Zephyrmancer (level 14, -11/110 HPs)
             Began as a Purple Draconian Air Elementalist on Feb 4, 2022.
             Was a High Priest of Sif Muna.
             Mangled by a radroach (19 damage)
             ... on level 1 of the Spider Nest.
             The game lasted 00:57:47 (35835 turns).

pkoi the Zephyrmancer (DrAE)                       Turns: 35835, Time: 00:57:48

Health: -11/110    AC: 15    Str: 10    XL:     14   Next: 2%
Magic:  14/24      EV: 31    Int: 26    God:    Sif Muna [*****.]
Gold:   1210       SH:  0    Dex: 13    Spells: 2/26 levels left

rFire   . . .      SeeInvis +   i - +6 rapier of Hepliaklqana's Pride {speed, SInv}
rCold   . . .      Faith    .   (no shield)
rNeg    . . .      Spirit   .   (armour unavailable)
rPois   .          Reflect  .   (helmet restricted)
rElec   .          Harm     .   I - +2 cloak {Stlth+}
rCorr   .          Rampage  .   j - +1 pair of gloves
Will    ++...                   E - +1 pair of boots {Stlth+}
Stlth   ++........              p - amulet of the acrobat
HPRegen 0.28/turn               o - +6 ring of intelligence
MPRegen 0.19/turn               t - ring of wizardry

@: confused, acrobatic, freezing walls, contaminated, glowing
A: breathe power, AC +8, unfitting armour, cold-blooded
a: Breathe Dispelling Energy, Renounce Religion, Channel Magic, Forget Spell,
Divine Exegesis


You were on level 1 of the Spider Nest.
You worshipped Sif Muna.
Sif Muna was extremely pleased with you.
You visited 6 branches of the dungeon, and saw 22 of its levels.

You collected 1327 gold pieces.
You spent 117 gold pieces at shops.

Inventory:

Hand Weapons
 c - a +0 dagger
 g - a +3 spear of flaming
 i - the +6 rapier of Hepliaklqana's Pride (weapon) {speed, SInv}
   (You found it on level 2 of the Dungeon)

   Attacks with this weapon are significantly faster.
   SInv:      It lets you see invisible.
Missiles
 a - 2 throwing nets
Armour
 j - a +1 pair of gloves (worn)
 E - a +1 pair of boots of stealth (worn)
 I - a +2 cloak of stealth (worn)
Jewellery
 d - a +6 ring of strength
 o - a +6 ring of intelligence (left hand)
 p - an amulet of the acrobat (around neck)
 t - a ring of wizardry (right hand)
 C - an amulet of regeneration
 F - a ring of protection from fire
 G - a ring of see invisible
 H - a ring of flight
 J - a ring of ice
Wands
 q - a wand of polymorph (8)
 w - a wand of digging (4)
 y - a wand of mindburst (11)
 z - a wand of iceblast (9)
 B - a wand of flame (7)
Scrolls
 b - 7 scrolls of fog
 l - a scroll of holy word
 m - 7 scrolls of teleportation
 x - 3 scrolls of amnesia
 A - a scroll of identify
 K - a scroll of enchant armour
 L - a scroll of enchant weapon
Potions
 e - 6 potions of curing
 f - 3 potions of resistance
 h - 9 potions of brilliance
 k - 3 potions of heal wounds
 n - 2 potions of cancellation
 r - 2 potions of haste
 s - 3 potions of berserk rage
 u - 2 potions of might
 v - 2 potions of magic
 D - 2 potions of flight


   Skills:
 - Level 6.0 Fighting
 + Level 10.7 Short Blades
 - Level 9.0 Dodging
 - Level 3.0 Stealth
 - Level 3.0 Unarmed Combat
 + Level 6.9 Spellcasting
 + Level 4.3 Conjurations
 + Level 4.4 Translocations
 - Level 10.4 Ice Magic
 - Level 11.7 Air Magic
 + Level 8.5 Invocations


You had 2 spell levels left.
You knew the following spells:

 Your Spells              Type           Power      Damage    Failure   Level
a - Shock                 Conj/Air       100%       1d9       1%          1
b - Airstrike             Air            31%        N/A       1%          4
c - Swiftness             Air            63%        N/A       1%          3
d - Frozen Ramparts       Ice            100%       1d12      1%          3
e - Passage of Golubria   Tloc           32%        N/A       4%          4
f - Iskenderun's Mystic   Conj/Tloc      31%        2d8       4%          4
g - Freezing Cloud        Conj/Ice/Air   26%        6-21      1%          5

Your spell library contained the following spells:

 Spells                   Type           Power      Damage    Failure   Level
 Freeze                   Ice            100%       1d11      1%          1
 Magic Dart               Conj           100%       1d8       1%          1
 Static Discharge         Conj/Air       50%        N/A       1%          2
 Animate Skeleton         Necr           16%        N/A       2%          1
 Pain                     Necr           32%        1d5       2%          1
 Gell's Gravitas          Tloc           32%        N/A       1%          3
 Teleport Other           Tloc           32%        N/A       1%          3
 Hailstorm                Conj/Ice       47%        3d11      1%          4
 Dazzling Flash           Conj/Hex       40%        N/A       3%          3
 Portal Projectile        Hex/Tloc       40%        N/A       3%          3
 Ice Form                 Ice/Tmut       36%        N/A       3%          4
 Call Canine Familiar     Summ           8%         N/A       8%          3
 Tukima's Dance           Hex            8%         N/A       8%          3
 Vampiric Draining        Necr           8%         2d6       8%          3
 Flame Wave               Conj/Fire      20%        2d7       11%         4
 Iskenderun's Battlesphe  Conj           31%        2d8       12%         5
 Anguish                  Hex/Necr       4%         N/A       26%         4
 Leda's Liquefaction      Hex/Erth       4%         N/A       26%         4
 Simulacrum               Ice/Necr       18%        N/A       41%         6
 Dispersal                Tloc           16%        N/A       50%         6
 Yara's Violent Unravell  Hex/Tmut       4%         3d4       54%         5
 Iron Shot                Conj/Erth      10%        9d3       82%         6
 Starburst                Conj/Fire      10%        6d5       82%         6
 Orb of Destruction       Conj           15%        9d7       96%         7
 Enfeeble                 Hex            4%         N/A       100%        7


Dungeon Overview and Level Annotations

Branches:
Dungeon (12/15)            Temple (1/1) D:6            Lair (6/6) D:10
  Swamp (1/4) Lair:2       Spider (1/4) Lair:4          Orc (1/2) D:9
  Slime: Lair:5-6

Altars:
Ashenzari
Cheibriados
Dithmenos
Elyvilon
Fedhas
Gozag
Hepliaklqana
Kikubaaqudgha
Makhleb
Nemelex Xobeh
Okawaru
Qazlal
Ru
Sif Muna
Trog
Uskayaw
Vehumet
Wu Jian
Xom
Yredelemnul
Zin
The Shining One
Beogh

Shops:
D:3 !   D:6 *   D:9 *

Annotations:
D:9 exclusion: downstairs
Lair:2 2 transporters
Lair:3 2 transporters, iguanaiguana's ghost, journeyman MiFi
Lair:5 exclusion: downstairs
Lair:6 Rupert
Orc:1 !Orc warlord


Innate Abilities, Weirdness & Mutations

You can breathe bolts of dispelling energy.
Your rich purple scales are hard. (AC +8)
You cannot fit into any form of body armour.
You are cold-blooded and may be slowed by cold attacks.


Message History

Unknown command.
Unknown command.
Your frozen ramparts will break if you move.
Continue?
Okay, then.
Unknown command.
The tarantella touches you!
* * * LOW HITPOINT WARNING * * *
You are more confused.
The wall freezes the redback.
The redback completely misses you.
The wall freezes the radroach!
The radroach completely misses you. x2
Unknown command.
The tarantella barely misses you.
The wall freezes the redback.
The redback bites you but does no damage.
The jumping spider leaps!
The wall freezes the radroach!
The radroach closely misses you. The radroach misses you.
The tarantella completely misses you.
The wall freezes the redback!
You kill the redback!
Sif Muna accepts your kill.
The jumping spider leaps!
Unknown command.
The tarantella touches you but does no damage.
The wall freezes the radroach!
The radroach erupts in a fountain of uncontrolled magic!
You are blasted with magical radiation!
* * * LOW HITPOINT WARNING * * *
You are contaminated with residual magic.
Unknown command.
Unknown command.
Unknown command.
The tarantella completely misses you.
The jumping spider completely misses you.
The jumping spider closely misses you.
The wall freezes the radroach.
The radroach bites you!!
* * * LOW HITPOINT WARNING * * *
The radroach completely misses you. The tarantella misses you.
Unknown command.
The jumping spider completely misses you.
The jumping spider barely misses you. The tarantella closely misses you.
The wall freezes the radroach.
The radroach bites you!!
You die...

.#.......# #.###...#
......... #.#.....## ..
#.##...###..#.......###..
#.###.#>.####.......#.#
## #.....# .# #........#
..# .....###.##.#
#........# ####... ....##
##...###........#
##...... ....
#..###...s....####......#
..#.
##.....#@s......##......#
.#..
##..##B.....##........# #
.. #.###.#####.###.....##
#.. ####.....# #.#
###...## #.......##
###†#######..^. .#.....##
..#...s........ #.......#
#...###.........
#........###..#
#..........
.........##..#
#.Z........


You could see a radroach, a jumping spider and a tarantella.

Vanquished Creatures
  2 boulder beetles
  9 hydras
  Harold (D:7)
  6 two-headed ogres
  Urug (D:12)
  A pharaoh ant (Spider:1)
  A goliath frog (Swamp:1)
  2 bog bodies
  Pikel (D:4)
  A manticore (D:11)
  A moth of wrath (Spider:1)
  Maurice (D:9)
  3 black mambas
  6 elephants
  7 cane toads
  2 demonic crawlers
  Maggie (Temple)
  Psyche (D:9)
  5 komodo dragons
  An unseen horror (D:11)
  A rime drake (Lair:3)
  A kobold demonologist (D:10)
  A meliai (Lair:4)
  5 tarantellas (Spider:1)
  3 trolls
  A hornet (D:9)
  13 blink frogs
  A jumping spider (Spider:1)
  Sigmund (D:6)
  2 culicivoras (Spider:1)
  3 wraiths
  A wyvern (D:9)
  A basilisk (Lair:4)
  40 yaks
  3 steam dragons
  3 redbacks (Spider:1)
  Menkaure (D:7)
  25 water moccasins
  An acid dragon (D:10)
  Duvessa (D:7)
  12 orc warriors
  5 ogres
  A hornet zombie (D:7)
  15 wolves
  2 centaurs
  4 lemures (D:4)
  A phantom (D:4)
  13 bullfrogs
  A scorpion (D:4)
  A water moccasin zombie (D:6)
  A gnoll sergeant (D:10)
  3 water moccasin skeletons
  Dowan (D:7)
  5 killer bees (Lair:4)
  3 electric eels
  7 centaur zombies
  5 hounds
  A jelly (D:7)
  A gnoll shaman (D:9)
  11 orc priests
  2 centaur skeletons
  A bullfrog skeleton (D:7)
  7 iguanas
  5 orc wizards
  5 hell rats (Lair:2)
  2 hound skeletons (D:4)
  A howler monkey zombie (D:6)
  20 adders
  9 gnolls
  A dart slug (D:1)
  A worm (D:3)
  75 orcs
  4 ball pythons
  7 endoplasms
  4 giant cockroaches
  9 goblins
  12 hobgoblins
  2 quokkas (D:3)
  4 bats
  A frilled lizard (D:3)
  9 kobolds
  9 rats
444 creatures vanquished.

Vanquished Creatures (others)
  A bloated husk (Swamp:1)
  An orc priest (D:9)
  16 fungi
  27 plants
45 creatures vanquished.

Grand Total: 489 creatures vanquished

Notes
Turn   | Place    | Note
-------+----------+-------------------------------------------
     0 | D:1      | pkoi the Draconian Air Elementalist began the quest for the
                  | Orb.
     0 | D:1      | Reached XP level 1. HP: 14/14 MP: 3/3
    29 | D:1      | Found a faded altar of an unknown god.
   478 | D:1      | Reached XP level 2. HP: 13/20 MP: 5/5
  1482 | D:1      | Reached skill level 1 in Unarmed Combat
  1894 | D:1      | Reached XP level 3. HP: 14/26 MP: 1/6
  2738 | D:2      | Reached XP level 4. HP: 30/33 MP: 0/7
  2948 | D:2      | Identified the +6 rapier of Hepliaklqana's Pride {speed,
                  | SInv}
  3374 | D:3      | Reached skill level 4 in Air Magic
  3719 | D:3      | Learned a level 4 spell: Airstrike
  3744 | D:3      | Reached XP level 5. HP: 38/38 MP: 3/8
  3887 | D:3      | Found Maggykh's Distillery.
  3968 | D:3      | Bought a potion of degeneration for 13 gold pieces
  3968 | D:3      | Bought a potion of heal wounds for 65 gold pieces
  3968 | D:3      | Bought a potion of curing for 39 gold pieces
  5048 | D:4      | Reached XP level 6. HP: 45/45 MP: 1/10
  5482 | D:4      | Reached skill level 1 in Fighting
  5482 | D:4      | Reached skill level 1 in Short Blades
  5674 | D:4      | Reached skill level 5 in Air Magic
  5858 | D:4      | Noticed Pikel
  6241 | D:4      | Your scales start taking on a rich purple colour.
  6241 | D:4      | Reached XP level 7. HP: 52/53 MP: 3/13
  6415 | D:4      | Learned a level 3 spell: Swiftness
  6419 | D:4      | Learned a level 3 spell: Frozen Ramparts
  6889 | D:5      | Entered Level 5 of the Dungeon
  6905 | D:5      | Reached skill level 1 in Ice Magic
  7094 | D:5      | Noticed a two-headed ogre
  7106 | D:5      | Killed a two-headed ogre
  7107 | D:5      | Reached skill level 5 in Spellcasting
  7107 | D:5      | Reached XP level 8. HP: 7/66 MP: 5/15
  7500 | D:5      | Reached skill level 6 in Air Magic
  7879 | D:5      | Found a glowing silver altar of Zin.
  8961 | D:6      | Found a staircase to the Ecumenical Temple.
  8973 | D:6      | Noticed Maggie
  8975 | Temple   | Entered the Ecumenical Temple
  9250 | Temple   | Became a worshipper of Sif Muna the Loreminder
  9279 | Temple   | Killed Maggie
  9329 | D:6      | Reached XP level 9. HP: 68/72 MP: 10/17
  9599 | D:6      | Found Decemp's Assorted Antiques.
  9664 | D:6      | Noticed Sigmund
  9673 | D:6      | Killed Sigmund
  9674 | D:6      | Reached skill level 5 in Fighting
 10268 | D:7      | Noticed Duvessa
 10269 | D:7      | Noticed Dowan
 10286 | D:7      | Killed Duvessa
 10290 | D:7      | Killed Dowan
 10371 | D:7      | Reached skill level 5 in Short Blades
 10371 | D:7      | Reached skill level 7 in Air Magic
 10854 | D:7      | Noticed Menkaure
 10860 | D:7      | Killed Menkaure
 11155 | D:7      | Noticed Harold
 11175 | D:7      | Killed Harold
 11176 | D:7      | Reached skill level 5 in Ice Magic
 11943 | D:8      | Reached XP level 10. HP: 83/83 MP: 13/19
 11981 | D:8      | Reached * piety under Sif Muna
 14948 | D:9      | Reached skill level 8 in Air Magic
 15055 | D:9      | Noticed Maurice
 15062 | D:9      | Killed Maurice
 15063 | D:9      | Reached skill level 5 in Dodging
 15516 | D:9      | Found Zeymuate's Elemental Accessories.
 15844 | D:9      | Reached ** piety under Sif Muna
 17005 | D:9      | Found a staircase to the Orcish Mines.
 17216 | D:9      | Noticed Psyche
 17220 | D:9      | Killed Psyche
 17967 | D:10     | Entered Level 10 of the Dungeon
 18028 | D:10     | Reached XP level 11. HP: 77/89 MP: 5/20
 18096 | D:10     | Reached skill level 1 in Invocations
 18249 | D:10     | Reached skill level 9 in Air Magic
 18442 | D:10     | Identified the +5 mace "Qyrphihau" {speed, rC+ Will+}
 19245 | D:10     | Reached *** piety under Sif Muna
 19365 | D:10     | Found a staircase to the Lair.
 19370 | Lair:1   | Entered Level 1 of the Lair of Beasts
 20282 | Lair:1   | Reached **** piety under Sif Muna
 21329 | Lair:2   | Found a staircase to the Swamp.
 21329 | Lair:2   | Noticed a bog body
 21353 | Lair:2   | Killed a bog body
 21541 | Lair:2   | Reached skill level 10 in Air Magic
 21541 | Lair:2   | Reached XP level 12. HP: 96/96 MP: 3/21
 21681 | Lair:2   | Reached skill level 5 in Invocations
 22331 | Lair:2   | You fall into a shaft and drop 2 floors!
 22417 | Lair:4   | Noticed a five-headed hydra
 23636 | Lair:3   | Noticed a five-headed hydra
 23646 | Lair:3   | Killed a five-headed hydra
 23961 | Lair:3   | Found a transporter.
 23986 | Lair:3   | Noticed a boulder beetle
 23986 | Lair:3   | Noticed a death yak
 23986 | Lair:3   | Noticed iguanaiguana's ghost (journeyman MiFi)
 24011 | Lair:3   | Found a transporter.
 24801 | Lair:2   | Found a transporter.
 24803 | Lair:2   | Found a transporter.
 24804 | Lair:2   | Noticed a boulder beetle
 24805 | Lair:2   | Noticed a boulder beetle
 25740 | Lair:3   | Noticed a six-headed hydra
 25757 | Lair:3   | Killed a six-headed hydra
 26058 | Lair:3   | Reached ***** piety under Sif Muna
 26364 | Lair:4   | Learned a level 4 spell: Passage of Golubria
 26683 | Lair:4   | Found a hole to the Spider Nest.
 27353 | Lair:5   | Reached skill level 1 in Translocations
 27777 | Lair:5   | Reached XP level 13. HP: 102/102 MP: 5/22
 28072 | Lair:5   | Reached skill level 11 in Air Magic
 28298 | Lair:5   | Received a gift from Sif Muna
 28770 | Lair:5   | Reached skill level 10 in Short Blades
 29439 | Lair:6   | Entered Level 6 of the Lair of Beasts
 29439 | Lair:6   | Noticed Rupert
 29795 | D:4      | Killed Pikel
 30230 | D:11     | Reached skill level 10 in Ice Magic
 31069 | D:11     | Learned a level 4 spell: Iskenderun's Mystic Blast
 32913 | D:12     | Noticed Urug
 33009 | D:12     | Killed Urug
 33437 | Orc:1    | Entered Level 1 of the Orcish Mines
 33437 | Orc:1    | Noticed an orc warlord
 33707 | Swamp:1  | Entered Level 1 of the Swamp
 34174 | Spider:1 | Entered Level 1 of the Spider Nest
 35078 | Lair:4   | Upgraded the game from 0.28-b1-70-g80dc712255 to 0.28.0
 35545 | Lair:4   | Received a gift from Sif Muna
 35546 | Lair:4   | Got Sif Muna's Guide on Conjuration {god gift}
 35672 | Lair:4   | Learned a level 5 spell: Freezing Cloud
 35685 | Spider:1 | Reached XP level 14. HP: 103/110 MP: 20/24
 35835 | Spider:1 | Mangled by a radroach

Illustrated notes

Levels and vault maps discovered:
D:1:      psy_arrival_radial01, layout_basic,
          shapermc_ecumenical_altar_starsandcircs
D:2:      minmay_diamond_boxcup, layout_rooms, minmay_pentomino_p4
D:3:      layout_basic, serial_shops, nicolae_shop_advertising_works
          [nicolae_subvault_shop_adworks], grunt_ministairs_7
D:4:      layout_basic, uniq_pikel
D:5:      layout_rooms, amcnicky_altar_gilded
D:6:      layout_basic, minmay_temple_entry_mini_moons, serial_shops,
          nicolae_lakefront_shop, kennysheep_generic_room_11, uniq_sigmund,
          uniq_maggie
D:7:      layout_cave_pools, uniq_menkaure, uniq_duvessa, uniq_harold
D:8:      layout_basic, special_room [special_room_orc], minivault_5
D:9:      layout_loops_corners, david_orc_5, nicolae_elemental_shop,
          uniq_maurice, uniq_psyche
D:10:     minmay_skewed_foursquare, layout_gridville
D:11:     layout_irregular_city, minmay_fractal_squares_diagonal_5
D:12:     layout_loops_ring, enter_trove_2, yredelemnul_altar_generic, uniq_urug
Temple:   nicolae_temple_the_god_donut
Lair:1:   lemuel_reptile_caves, layout_cave_shapes, serial_bayou_shore_b
Lair:2:   gammafunk_boulding_lane, layout_chaotic_city,
          skrybe_swamp_entry_bodies, grunt_megastairs_1, lemuel_fruit_fields,
          infiniplex_staircase_pool
Lair:3:   layout_cave_pods, gammafunk_ghost_berserking_beasts
Lair:4:   layout_long_grid, hellmonk_spider_entry_not_the_bees
Lair:5:   layout_misc_corridors
Lair:6:   hellmonk_lair_end_abyssal_woods, layout_misc_corridors,
          dpeg_slime_entry_enclosed_altar, lemuel_fruit_tree, uniq_josephine,
          uniq_rupert
Swamp:1:  layout_basic_swamp, basic_altar
Spider:1: layout_chambers, hangedman_spider_tarantella_strand
Orc:1:    layout_caves, ebering_ghost_gozag

Skill      XL: |  1  2  3  4  5  6  7  8  9 10 11 12 13 |
---------------+----------------------------------------+-----
Unarmed Combat | 1 2 3 |  3.0
Conjurations   | 2 3 4 |  4.3
Air Magic      | 4 5 6 7 8 10 11 | 11.7
Fighting       | 1 3 4 6 |  6.0
Short Blades   | 1 3 4 5 7 8 9 10 | 10.7
Spellcasting   | 4 5 6 |  6.9
Ice Magic      | 2 3 5 7 8 9 10 | 10.4
Dodging        | 2 4 5 7 8 9 |  9.0
Invocations    | 4 6 8 |  8.5
Stealth        | 3 |  3.0
Translocations | 1 4 |  4.4

Action                   |  1- 3 |  4- 6 |  7- 9 | 10-12 | 13-15 || total
-------------------------+-------+-------+-------+-------+-------++-------
Melee: Unarmed           |    40 |       |       |       |       ||    40
       Tailslap          |     5 |     2 |    10 |    56 |    56 ||   129
       Spear             |    22 |       |       |       |       ||    22
       Rapier            |       |    35 |    77 |   403 |   236 ||   751
       Punch             |       |     1 |     4 |    10 |     6 ||    21
 Cast: Shock             |    73 |   136 |   195 |    50 |       ||   454
       Frozen Ramparts   |       |       |     8 |    91 |    31 ||   130
       Airstrike         |       |       |     1 |   181 |    97 ||   279
       Swiftness         |       |       |       |       |     1 ||     1
  Use: Scroll            |       |     5 |     5 |    10 |     2 ||    22
       Potion            |       |     1 |       |       |       ||     1
 Stab: Distracted        |       |       |       |     1 |       ||     1
Armor: Skin              |    33 |    21 |    44 |    70 |    94 ||   262
Dodge: Dodged            |    43 |    32 |    57 |   160 |   185 ||   477
